 Dungeon Crawl Stone Soup version 0.31-a0-149-g3fdcc5976a (webtiles) character file.

Game seed: 357620375794895467

7931 jasper the Thaumaturge (level 11, -2/54 HPs)
             Began as a Spriggan Conjurer on June 7, 2023.
             Was a Follower of Sif Muna.
             Slain by a wyvern (14 damage)
             ... on level 1 of the Lair of Beasts.
             The game lasted 00:19:13 (9401 turns).

jasper the Thaumaturge (Spriggan Conjurer)          Turns: 9401, Time: 00:19:14

Health: -2/54      AC:  5    Str:  3    XL:     11   Next: 3%
Magic:  18/25      EV: 19    Int: 25    God:    Sif Muna [*.....]
Gold:   1433       SH:  5    Dex: 13    Spells: 15/28 levels left

rFire   . . .        e - +0 short sword (elec)
rCold   + . .        u - +0 buckler
rNeg    . . .        F - +0 steam dragon scales
rPois   .            (helmet restricted)
rElec   .            (no cloak)
rCorr   .            (gloves unavailable)
SInv    +            (boots unavailable)
Will    ++...        p - amulet of magic regeneration
Stlth   ++           d - ring of protection from cold
HPRegen 0.29/turn    v - ring of willpower
MPRegen 0.59/turn

%: no passive effects
@: very quick
A: very small, no large weapons, unfitting armour, see invisible, speed 3
a: Renounce Religion, Channel Magic


You were on level 1 of the Lair of Beasts.
You worshipped Sif Muna.
Sif Muna was aware of your devotion.
You visited 3 branches of the dungeon, and saw 12 of its levels.
You also visited: Bailey.

You collected 1433 gold pieces.

Inventory:

Hand Weapons
 e - a +0 short sword of electrocution (weapon)
 f - a +0 short sword of venom
 o - a +2 dagger of pain
Armour
 a - a +1 robe
 u - a +0 buckler (worn)
 A - a +0 robe of willpower
 F - +0 steam dragon scales (worn)
 J - +0 acid dragon scales
Jewellery
 d - a ring of protection from cold (left hand)
 g - an amulet of the acrobat
 p - an amulet of magic regeneration (around neck)
 v - a ring of willpower (right hand)
 x - a +5 ring of evasion
Wands
 l - a wand of flame (17)
 w - a wand of roots (2)
 y - a wand of digging (6)
 B - a wand of polymorph (7)
 H - a wand of light (12)
Scrolls
 j - a scroll of immolation
 k - 6 scrolls of enchant armour
 n - 3 scrolls of teleportation
 s - a scroll of magic mapping
 D - 3 scrolls of enchant weapon
 K - a scroll of vulnerability {unknown}
Potions
 b - 5 potions of magic
 c - 6 potions of cancellation
 h - 3 potions of curing
 i - 4 potions of lignification
 m - a potion of mutation
 q - 6 potions of might
 r - a potion of ambrosia
 t - a potion of heal wounds
 z - 3 potions of haste
 C - a potion of resistance
 E - 2 potions of enlightenment {unknown}
Miscellaneous
 I - a lightning rod (4/4)


   Skills:
 - Level 4.6 Fighting
 - Level 7.9 Dodging
 - Level 3.0 Stealth
 - Level 4.1 Shields
 - Level 9.0 Spellcasting
 - Level 6.0 Conjurations
 - Level 6.0 Hexes
 - Level 6.0 Translocations
 + Level 5.9 Invocations
 - Level 5.0 Evocations


You had 15 spell levels left.
You knew the following spells:

 Your Spells              Type           Power      Damage    Failure   Level
a - Magic Dart            Conj           100%       1d8       1%          1
b - Searing Ray           Conj           82%        2d7       1%          2
c - Blink                 Tloc           82%        N/A       1%          2
d - Fulminant Prism       Conj/Hex       20%        3d12      9%          4
e - Iskenderun's Mystic   Conj/Tloc      41%        2d9       9%          4

Your spell library contained the following spells:

 Spells                   Type           Power      Damage    Failure   Level
 Lesser Beckoning         Tloc           82%        N/A       1%          2
 Momentum Strike          Conj/Tloc      82%        3d10      1%          2
 Dazzling Flash           Conj/Hex       82%        N/A       2%          3
 Cigotuvi's Dreadful Rot  Necr/Pois/Air  22%        N/A       16%         2
 Animate Dead             Necr           11%        N/A       71%         4
 Dispel Undead            Necr           11%        3d9       71%         4
 Death Channel            Necr           5%         N/A       100%        6
 Haunt                    Necr/Summ      5%         N/A       100%        7
 Infestation              Necr           5%         N/A       100%        8


Dungeon Overview and Level Annotations

Branches:
Dungeon (10/15)            Temple (1/1) D:5            Lair (1/5) D:9
 Bailey (visited)
    Orc: D:9-12

Altars:
Ashenzari
Cheibriados
Dithmenos
Elyvilon
Fedhas
Gozag
Hepliaklqana
Kikubaaqudgha
Makhleb
Nemelex Xobeh
Okawaru
Qazlal
Ru
Sif Muna
Trog
Uskayaw
Wu Jian
Xom
Yredelemnul
Zin
The Shining One

Shops:
D:1 (   D:3 (   D:6 :   D:9 *

Annotations:
Lair:1 1 transporter


Innate Abilities, Weirdness & Mutations

You are very small and have problems with some larger weapons.
You are too small for most types of armour.
You have supernaturally acute eyesight. (SInv)
You cover ground extremely quickly. (Speed+++)


Message History

You hear a loud crackle.
You hear an explosion!
Casting: Fulminant Prism (dangerous; 9% risk of failure)
Confirm with . or Enter, or press ? or * to list all spells.
Aiming: Fulminant Prism (dangerous; 9% risk of failure)
Press: ? - help, Dir - move target You conjure a prism of explosive energy!
A fulminant prism comes into view.
You now have 11/25 mp.
A fulminant prism is nearby!
Your fulminant prism crackles loudly.
Your fulminant prism explodes!
You hear a bark!
You start resting.
A wyvern is nearby!
The wyvern closely misses you.
You hit the wyvern but do no damage.
The wyvern is almost dead.
The wyvern bites you but does no damage.
You completely miss the wyvern.
The wyvern is almost dead.
The wyvern bites you. The wyvern bites you!
You take 18 damage, and have 36/54 hp.
MASSIVE DAMAGE!!
You closely miss the wyvern.
The wyvern is almost dead.
The wyvern completely misses you. The wyvern closely misses you.
You barely miss the wyvern.
The wyvern is almost dead.
The wyvern bites you!
You take 8 damage, and have 28/54 hp.
You barely miss the wyvern.
The wyvern is almost dead.
The wyvern bites you!
* * * LOW HITPOINT WARNING * * *
The wyvern barely misses you.
You take 16 damage, and have 12/54 hp.
MASSIVE DAMAGE!!
You hit the wyvern.
The wyvern is almost dead.
The wyvern barely misses you. The wyvern bites you!
You die...

....F.....## #...###
.8.........#.......####......
..#.S*....#°.#.#.○#.........
.......S.l.#...!...#.........
....#..###D#..#©#..#.........
.....## #*#○.....○##PP......
##... #.#...°...# ##......
#.. #.######### #...... ##
#.l@..©...# ##......
#.........# #.......
#.........####......
#...................
#.###P###.#.######.## ## ###
##### ####


You could see a wyvern.

Vanquished Creatures
  A two-headed ogre (D:8)
  Pikel (D:7)
  An orc knight (Bailey)
  A gargoyle (D:10)
  A komodo dragon (Lair:1)
  7 yaks
  A basilisk (Lair:1)
  3 wyverns
  A steam dragon (D:7)
  An acid dragon (D:9)
  Duvessa (D:7)
  5 water moccasins
  8 orc warriors
  An ice beast (D:5)
  A sky beast (D:8)
  A black bear (D:6)
  2 ogres (D:6)
  2 centaurs
  4 lemures (D:7)
  A bullfrog (Lair:1)
  A gnoll sergeant (D:7)
  2 scorpions
  14 wights
  Dowan (D:7)
  6 killer bees
  A lava snake (D:9)
  3 jellies
  5 hounds
  2 orc priests
  A sleepcap (D:7)
  4 iguanas
  5 orc wizards
  Robin (D:3)
  11 gnolls
  4 adders
  A shadow imp (D:6)
  An ufetubus (D:6)
  A worm (D:3)
  A dart slug (D:1)
  42 orcs
  3 ball pythons
  5 endoplasms
  A giant cockroach (D:4)
  8 hobgoblins
  4 jackals (D:2)
  A quokka (D:5)
  5 bats
  3 frilled lizards (D:1)
  11 goblins
  5 kobolds
  3 rats
  A fulminant prism (D:10)
201 creatures vanquished.

Vanquished Creatures (others)
  69 fulminant prisms
69 creatures vanquished.

Grand Total: 270 creatures vanquished

Notes
Turn   | Place    | Note
-------+----------+-------------------------------------------
     0 | D:1      | jasper the Spriggan Conjurer began the quest for the Orb.
     0 | D:1      | Reached XP level 1. HP: 9/9 MP: 5/5
   205 | D:1      | Reached skill level 3 in Spellcasting
   390 | D:1      | Reached XP level 2. HP: 13/13 MP: 4/7
   393 | D:1      | Learned a level 2 spell: Searing Ray
   553 | D:1      | Found a faded altar of an unknown god.
   682 | D:1      | Learned a level 2 spell: Blink
   758 | D:1      | Found Ynah's Antique Weapon Boutique.
  1283 | D:2      | Reached XP level 3. HP: 15/16 MP: 0/8
  1928 | D:3      | Found a shimmering blue altar of Sif Muna.
  1931 | D:3      | Found a stormy altar of Qazlal.
  1934 | D:3      | Found a shadowy altar of Dithmenos.
  1937 | D:3      | Found a blossoming altar of Fedhas.
  2008 | D:3      | Noticed Robin
  2031 | D:3      | Killed Robin
  2237 | D:3      | Reached XP level 4. HP: 21/21 MP: 5/9
  2242 | D:3      | Learned a level 4 spell: Fulminant Prism
  2488 | D:3      | Found Fecime's Weapon Boutique.
  2904 | D:4      | Reached skill level 4 in Spellcasting
  3157 | D:4      | Reached XP level 5. HP: 24/24 MP: 1/13
  3270 | D:4      | Found a glowing silver altar of Zin.
  3442 | D:4      | Found an iron altar of Okawaru.
  3502 | D:4      | Reached skill level 5 in Spellcasting
  3526 | D:4      | Reached skill level 1 in Hexes
  3526 | D:4      | Reached skill level 1 in Translocations
  3954 | D:5      | Entered Level 5 of the Dungeon
  3959 | D:5      | Noticed an ice beast
  3969 | D:5      | Killed an ice beast
  3970 | D:5      | Reached XP level 6. HP: 21/28 MP: 0/14
  4083 | D:5      | Learned a level 4 spell: Iskenderun's Mystic Blast
  4160 | D:5      | Found a staircase to the Ecumenical Temple.
  4197 | Temple   | Entered the Ecumenical Temple
  4628 | D:5      | Reached XP level 7. HP: 32/32 MP: 12/15
  4704 | D:5      | Reached skill level 5 in Translocations
  5154 | D:6      | Reached skill level 5 in Hexes
  5386 | D:6      | Found Baupuuno's Self-Improvement Boutique.
  5558 | D:6      | Reached skill level 6 in Spellcasting
  5558 | D:6      | Reached XP level 8. HP: 23/36 MP: 6/18
  5902 | D:7      | Noticed Pikel
  5916 | D:7      | Noticed Duvessa
  5951 | D:7      | Found a flagged portal.
  5952 | D:7      | Reached skill level 5 in Conjurations
  6046 | Bailey   | Entered a bailey
  6072 | Bailey   | Reached skill level 7 in Spellcasting
  6179 | Bailey   | HP: 1/36 [orc warrior/+5 trident (7)]
  6180 | Bailey   | Reached skill level 1 in Fighting
  6180 | Bailey   | Reached skill level 1 in Shields
  6419 | Bailey   | Noticed an orc knight
  6446 | Bailey   | Reached skill level 5 in Dodging
  6450 | Bailey   | Killed an orc knight
  6451 | Bailey   | Reached XP level 9. HP: 44/44 MP: 2/20
  6519 | Bailey   | Acquired 886 gold pieces
  6688 | D:7      | Killed Pikel
  7013 | D:8      | Noticed a two-headed ogre
  7029 | D:8      | Killed a two-headed ogre
  7667 | D:8      | Reached XP level 10. HP: 51/51 MP: 16/22
  7902 | D:3      | Became a worshipper of Sif Muna the Loreminder
  7957 | D:7      | Noticed Dowan
  7963 | D:7      | Killed Duvessa
  7963 | D:7      | Killed Dowan
  7964 | D:7      | Reached skill level 8 in Spellcasting
  8516 | D:9      | Reached skill level 1 in Evocations
  8527 | D:9      | Found a glowing golden altar of the Shining One.
  8527 | D:9      | Found an ancient bone altar of Kikubaaqudgha.
  8556 | D:9      | Reached skill level 1 in Invocations
  8569 | D:9      | Found a staircase to the Lair.
  8580 | D:9      | Found Neffy's General Store.
  8720 | D:9      | Reached * piety under Sif Muna
  8721 | D:9      | Reached skill level 9 in Spellcasting
  9055 | D:10     | Entered Level 10 of the Dungeon
  9061 | D:10     | Noticed a gargoyle
  9066 | D:10     | Killed a gargoyle
  9067 | D:10     | Reached skill level 5 in Evocations
  9074 | D:10     | Noticed a deep elf pyromancer
  9162 | D:10     | Noticed a tengu warrior
  9295 | Lair:1   | Entered Level 1 of the Lair of Beasts
  9300 | Lair:1   | Reached skill level 5 in Invocations
  9329 | Lair:1   | Found a transporter.
  9366 | Lair:1   | Reached XP level 11. HP: 54/54 MP: 14/25
  9401 | Lair:1   | Slain by a wyvern

Illustrated notes

Levels and vault maps discovered:
D:1:      saegor_arrival_under_anarchy, layout_basic, serial_shops,
          nicolae_shop_just_a_little_nook, shapermc_ecumenical_altar_notcrosses,
          roderic_roman_lattice
D:2:      layout_basic, grunt_ministairs_12
D:3:      layout_loops_corners, grunt_temple_overflow_cloverleaf, serial_shops,
          shop, uniq_robin
D:4:      layout_basic, mainiacjoe_overflow_tiny_flanked,
          mainiacjoe_overflow_alcove_1, hex_tiny
D:5:      layout_rooms, minmay_temple_entry_slanted
D:6:      layout_layer_cave, nicolae_shop_self_help
D:7:      layout_rooms, enter_bailey_4, uniq_pikel, uniq_duvessa
D:8:      layout_basic
D:9:      layout_cross, nicolae_overflow_two_pavilions, lair_entry_dummy,
          serial_shops, shop
D:10:     minmay_ornate_pinched, layout_grid_maze, vehumet_statue, uniq_lodul,
          uniq_psyche
Temple:   nicolae_temple_bog_church
Lair:1:   gammafunk_cloud_chamber, layout_small_grid, grunt_megastairs_4,
          infiniplex_staircase_pool

Skill      XL: |  1  2  3  4  5  6  7  8  9 10 |
---------------+-------------------------------+-----
Conjurations   | 3 4 5 6 |  6.0
Spellcasting   | 3 4 5 6 7 9 |  9.0
Hexes          | 2 4 6 |  6.0
Translocations | 3 4 6 |  6.0
Fighting       | 3 4 |  4.6
Dodging        | 5 7 |  7.9
Shields        | 2 4 |  4.1
Evocations     | 5 |  5.0
Invocations    | 5 |  5.9
Stealth        | |  3.0

Action                     |  1- 3 |  4- 6 |  7- 9 | 10-12 || total
---------------------------+-------+-------+-------+-------++-------
  Melee: Short sword       |    41 |     9 |    18 |    24 ||    92
   Cast: Magic Dart        |    59 |    46 |    64 |    16 ||   185
         Searing Ray       |     4 |    14 |    27 |     6 ||    51
         Fulminant Prism   |       |       |    31 |    39 ||    70
         Blink             |       |       |     4 |       ||     4
         Iskenderun's Myst |       |       |     7 |    20 ||    27
  Evoke: Wand              |       |       |     7 |       ||     7
    Use: Scroll            |     3 |     7 |     3 |     3 ||    16
         Potion            |       |       |       |     2 ||     2
 Armour: Robe              |     5 |     2 |     3 |       ||    10
         Steam dragon scal |       |       |     4 |     7 ||    11
  Dodge: Dodged            |    41 |    15 |    54 |    43 ||   153
  Block: Buckler           |       |       |     3 |    12 ||    15

Table legend: (Time is in decaauts)
 A = Elapsed time spent in this place.
 B = Non-inter-level travel time spent in this place.
 C = Inter-level travel time spent in this place.
 D = Time resting spent in this place.
 E = Time spent auto-exploring this place.
 F = Levels seen in this place.
 G = Mean time per level.
                   A        B        C        D        E       F      G
               +--------+--------+--------+--------+--------+-----+--------+
         Total |   7064 |   6741 |    323 |    966 |   4613 |  13 |  543.4 |
       Dungeon |   6346 |   6026 |    320 |    619 |   4413 |  10 |  634.6 |
        Temple |    108 |    106 |      2 |      0 |     94 |   1 |  108.0 |
          Lair |     84 |     84 |      0 |      1 |     46 |   1 |   84.0 |
        Bailey |    525 |    525 |      0 |    345 |     58 |   1 |  525.0 |
               +--------+--------+--------+--------+--------+-----+--------+

Top non-repeatable levels by time:
     D:4: 900 daAuts
     D:1: 873 daAuts
     D:6: 809 daAuts
     D:3: 798 daAuts
     D:7: 684 daAuts
     D:9: 674 daAuts
     D:8: 607 daAuts
  Bailey: 525 daAuts
     D:5: 476 daAuts
     D:2: 452 daAuts
  Temple: 108 daAuts
  Lair:1: 84 daAuts
    D:10: 70 daAuts
